AoeStats
← Giye

Arena

507696894Analyzed
4v4 RM · 14d ago on Sep 19, 2026· 57m 51s· 8 players
Game mode
Random Map
Map size
Large (8 player)
Population
200
Speed
Normal
Resources
Standard
Victory
Conquest
Starting age
Dark Age
Ending age
Imperial Age
RankedLock teamsTeams togetherTeam positionsShared explorationLock speedFull tech treeHidden civsTurbo modeCheats
Victory
Defeat
🇮🇳 Saracens · India
910
+13
🇹🇷 Japanese · Türkiye
720
+21
🇹🇷 Franks · Türkiye
688
+23
🇮🇹 Turks · Italy
674
+22
🇭🇷 Khmer · Croatia
856
-21
🇪🇸 Poles · Spain
855
-21
🇨🇳 Slavs · China
806
-19
🇲🇽 Georgians · Mexico
788
-18
ostiinn
0:29 Loom
13:10 Feudal Age
14:46 Horse Collar
18:22 Castle Age
16:35 Double-Bit Axe
18:16 Wheelbarrow
18:06 Gold Mining
19:24 Heavy Plow
19:43 Bow Saw
31:42 Imperial Age
31:46 Elite Monaspa
32:47 Conscription
32:34 Husbandry
32:45 Bloodlines
32:45 Scale Barding Armor
34:07 Forging
36:23 Chemistry
36:20 Aznauri Cavalry
37:36 Crop Rotation
46:06 Elite Skirmisher
49:47 Guilds
50:22 Ballistics
51:47 Fletching
sheya1
10:02 Feudal Age
10:32 Double-Bit Axe
11:42 Horse Collar
19:03 Castle Age
17:24 Gold Mining
20:54 Wheelbarrow
20:38 Forging
20:36 Scale Barding Armor
21:54 Iron Casting
22:46 Gold Shaft Mining
22:18 Heavy Plow
22:46 Husbandry
22:57 Bloodlines
23:18 Stone Mining
23:25 Loom
23:32 Loom
25:05 Stone Shaft Mining
26:38 Hand Cart
28:11 Town Watch
28:51 Chain Barding Armor
31:36 Tusk Swords
32:13 Town Patrol
36:57 Imperial Age
Giye
8:57 Loom
11:08 Feudal Age
12:13 Double-Bit Axe
14:18 Horse Collar
18:27 Bloodlines
20:55 Castle Age
22:26 Bow Saw
23:01 Forging
22:57 Scale Barding Armor
24:38 Iron Casting
24:50 Heavy Plow
25:07 Town Watch
26:00 Wheelbarrow
25:39 Stone Mining
26:55 Chain Barding Armor
26:35 Scale Mail Armor
27:25 Squires
27:12 Arson
1786280939
10:46 Feudal Age
14:48 Castle Age
14:50 Double-Bit Axe
27:57 Gold Mining
27:57 Stone Mining
31:09 Gold Shaft Mining
30:19 Horse Collar
30:51 Bow Saw
33:30 Forging
33:21 Scale Mail Armor
33:28 Scale Barding Armor
33:52 Husbandry
34:03 Bloodlines
36:46 Imperial Age
34:54 Iron Casting
36:48 Squires
36:09 Pikeman
37:14 Chain Mail Armor
37:20 Chain Barding Armor
38:14 Detinets
38:37 Conscription
38:18 Druzhina
38:18 Elite Boyar
40:57 Blast Furnace
40:27 Plate Mail Armor
40:32 Plate Barding Armor
39:36 Onager
41:11 Siege Onager
43:47 Hoardings
45:18 Chemistry
44:32 Masonry
44:45 Ballistics
46:00 Halberdier
vasia003
0:30 Loom
11:41 Feudal Age
17:54 Castle Age
16:33 Double-Bit Axe
17:13 Horse Collar
31:00 Imperial Age
29:28 Bow Saw
33:31 Padded Archer Armor
33:21 Fletching
33:58 Town Watch
39:19 Conscription
43:06 Elite Janissary
54:00 Leather Archer Armor
53:41 Bodkin Arrow
oguayd
9:18 Loom
11:12 Feudal Age
11:58 Double-Bit Axe
12:52 Wheelbarrow
13:09 Gold Mining
17:01 Arson
23:30 Castle Age
22:55 Stone Mining
24:37 Hand Cart
30:20 Bow Saw
30:52 Gold Shaft Mining
32:10 Caravan
32:41 Coinage
32:58 Scale Barding Armor
34:02 Husbandry
34:25 #83
37:24 Imperial Age
34:40 Town Watch
35:48 Forging
35:29 Fletching
35:40 Padded Archer Armor
35:40 Scale Mail Armor
36:20 Pikeman
37:00 Squires
38:03 Chain Barding Armor
37:58 Leather Archer Armor
38:42 Iron Casting
39:29 Conscription
39:45 Hoardings
39:15 Cavalier
41:05 Chemistry
40:46 Chain Mail Armor
41:53 Ballistics
41:40 Siege Engineers
41:45 Masonry
41:31 Murder Holes
41:47 Fortified Wall
41:25 Arrowslits
42:24 Banking
42:47 Town Patrol
44:06 Paladin
47:48 Chivalry
49:36 Halberdier
51:02 Plate Barding Armor
50:58 Plate Mail Armor
50:24 Bodkin Arrow
58:40 Blast Furnace
58:15 Architecture
BLYAAAT
10:54 Feudal Age
13:24 Double-Bit Axe
13:46 Stone Mining
14:01 Horse Collar
20:38 Castle Age
22:14 Bow Saw
26:48 Heavy Plow
32:48 Imperial Age
30:43 Forging
31:56 Scale Barding Armor
33:08 Iron Casting
32:48 Bloodlines
32:38 Husbandry
33:04 Husbandry
33:57 Conscription
34:18 Chain Barding Armor
34:32 Ballistics
35:32 Two-Man Saw
34:24 Gold Mining
34:49 Elite Mameluke
37:22 Gold Shaft Mining
37:30 Caravan
43:11 Blast Furnace
42:54 Plate Barding Armor
45:59 Chemistry
ozgurulas90
16:12 Feudal Age
17:26 Double-Bit Axe
17:35 Gold Mining
17:36 Stone Mining
17:30 Horse Collar
18:39 Wheelbarrow
20:54 Castle Age
23:51 Forging
23:41 Scale Mail Armor
27:08 Iron Casting
26:49 Chain Mail Armor
26:39 Heavy Plow
28:01 Bow Saw
34:30 Imperial Age
36:47 Pikeman
37:28 Squires
37:53 Conscription
36:54 Elite Samurai
37:57 Kataparuto
37:43 Yasama
38:54 Padded Archer Armor
38:45 Fletching
39:55 Blast Furnace
39:26 Plate Mail Armor
39:01 Scale Barding Armor
42:17 Gold Shaft Mining
42:48 Two-Man Saw
41:52 Caravan
42:01 Treadmill Crane
43:23 Chemistry
45:14 Elite Skirmisher
45:17 Halberdier
52:13 Heavy Cavalry Archer
53:18 Parthian Tactics
Connection lost

Rejoining the realm…

Still unreachable

The connection could not be restored.

Session expired

The server has moved on; the page needs a fresh start.